 Dungeon Crawl Stone Soup version 0.30-a0-1050-g2766ea1e55 (webtiles) character file.

Game seed: 7471586508213345487

44 CryoSword the Caller (level 3, -9/26 HPs)
             Began as a Draconian Summoner on Apr 10, 2023.
             Killed by nerve-wracking pain
             ... invoked by Grinder
              (14 damage)
             ... on level 3 of the Dungeon.
             The game lasted 00:01:46 (1910 turns).

CryoSword the Caller (Draconian Summoner)           Turns: 1910, Time: 00:01:47

Health: -9/26      AC:  5    Str: 10    XL:     3   Next: 39%
Magic:  2/6        EV: 12    Int: 17    God:
Gold:   86         SH:  0    Dex: 11    Spells: 3/6 levels left

rFire   . . .      SeeInvis .    d - +0 spear
rCold   . . .      Faith    .    (no shield)
rNeg    . . .      Spirit   .    (body armour unavailable)
rPois   .          Reflect  .    (helmet restricted)
rElec   .          Rampage  .    (no cloak)
rCorr   .                        (no gloves)
Will    .....                    (no boots)
Stlth   ++                       (no amulet)
HPRegen 0.24/turn                (no ring)
MPRegen 0.10/turn                (no ring)

@: no status effects
A: AC +5, unfitting armour, cold-blooded
a: no special abilities


You were on level 3 of the Dungeon.
You visited 1 branch of the dungeon, and saw 3 of its levels.

You collected 86 gold pieces.

Inventory:

Hand Weapons
 d - a +0 spear (weapon)
   (You found it on level 1 of the Dungeon)
Armour
 b - a +0 pair of gloves
   (You found it on level 1 of the Dungeon)
Wands
 h - a wand of paralysis (9)
   (You found it on level 2 of the Dungeon)
Scrolls
 c - a scroll of enchant weapon {unknown}
 f - 4 scrolls of identify {unknown}
 k - a scroll of blinking {unknown}
 l - a scroll of summoning {unknown}
Potions
 a - a potion of magic
 e - a potion of resistance {unknown}
 g - a potion of brilliance {unknown}
 i - a potion of curing {unknown}
 j - a potion of haste {unknown}


   Skills:
 + Level 2.0 Polearms
 - Level 1.7 Dodging
 - Level 1.7 Stealth
 - Level 2.0 Spellcasting
 + Level 4.7 Summonings


You had 3 spell levels left.
You knew the following spells:

 Your Spells              Type           Power      Damage    Failure   Level
a - Summon Small Mammal   Summ           68%        N/A       2%          1
b - Call Imp              Summ           34%        N/A       4%          2

Your spell library contained the following spells:

 Spells                   Type           Power      Damage    Failure   Level
 Call Canine Familiar     Summ           17%        N/A       9%          3
 Summon Guardian Golem    Hex/Summ       9%         N/A       22%         3
 Summon Lightning Spire   Summ/Air       9%         N/A       58%         4


Dungeon Overview and Level Annotations

Branches:
Dungeon (3/15)

Altars:

Annotations:
D:3 Grinder


Innate Abilities, Weirdness & Mutations

Your plain brown scales are hard. (AC +5)
You cannot fit into any form of body armour.
You are cold-blooded and may be slowed by cold attacks.


Message History

There is a stone staircase leading down here.
Found a sling.
Found a faded altar of an unknown god.
A ball python comes into view.
The ball python hisses angrily.
A ball python is nearby!
A ball python is nearby!
Found a ring mail.
You hit the ball python but do no damage.
Your tail-slap misses the ball python.
The ball python barely misses you. The ball python completely misses you.
You hit the ball python. The ball python bites you.
The ball python closely misses you.
You closely miss the ball python.
The ball python bites you but does no damage.
The ball python grabs you. The ball python constricts you.
A tiny devil pulls itself out of the air.
The ball python bites you. The ball python constricts you.
The ball python bites you but does no damage.
The ball python constricts you. The ball python bites you.
The ball python constricts you.
Your cerulean imp hits the ball python with a -3 spear.
The ball python bites you but does no damage.
The ball python constricts you.
Your cerulean imp misses the ball python.
You hit the ball python.
You kill the ball python!
No target in view!
No target in view!
Your quokka disappears in a puff of smoke!
Your cerulean imp disappears in a puff of smoke!
Your quokka disappears in a puff of smoke!
You now have 86 gold pieces (gained 12).
k - a scroll labelled XOISKUI QYDWE A worm comes into view.
Found a scroll labelled JINIBBEUDD.
A worm is nearby!
A worm is nearby!
A worm is nearby!
A tiny devil pulls itself out of the air.
Your cerulean imp hits the worm but does no damage.
You hit the worm.
Your quokka bites the worm.
Your cerulean imp barely misses the worm.
Your quokka bites the worm.
The worm completely misses your quokka.
You hit the worm.
Your quokka barely misses the worm.
Your quokka bites the worm.
The worm dies!
No target in view!
Your quokka disappears in a puff of smoke!
Your cerulean imp disappears in a puff of smoke!
Your quokka disappears in a puff of smoke!
You see here a worm corpse.
f - 4 scrolls labelled POLULU ZEDYTRO (gained 1)
l - a scroll labelled JINIBBEUDD A giant cockroach comes into view.
A giant cockroach is nearby!
A giant cockroach is nearby!
A giant cockroach is nearby!
A tiny devil pulls itself out of the air.
The giant cockroach closely misses your cerulean imp.
The giant cockroach bites your cerulean imp.
You reach to attack!
You barely miss the giant cockroach.
The giant cockroach bites your cerulean imp but does no damage.
Your cerulean imp hits the giant cockroach but does no damage.
You reach to attack!
You hit the giant cockroach.
You kill the giant cockroach!
No target in view!
Your cerulean imp disappears in a puff of smoke!
There is a stone staircase leading down here.
There is an open door here.
Key pressed, stopping explore.
You see here a +0 flail.
Found a sling.
Found a stone staircase leading up.
A kobold comes into view. It is wielding a +0 club.
The kobold shouts!
There is a stone staircase leading up here.
A kobold is nearby!
You reach to attack!
You barely miss the kobold.
A tiny devil pulls itself out of the air.
The kobold hits you but does no damage.
You hit the kobold.
You kill the kobold!
Your Polearms skill increases to level 2!
No target in view!
You swap places.
There is a stone staircase leading up here.
You see here a +0 club.
You swap places.
You see here a +0 club.
Your cerulean imp disappears in a puff of smoke!
Done exploring.
Done exploring.
Done exploring.
Done exploring.
No target in view!
There is a stone staircase leading down here.
You climb downwards.
There is a stone staircase leading up here.
A goblin comes into view. It is wielding a +0 club.
The goblin shouts!
A goblin is nearby!
A goblin is nearby!
You reach to attack!
You hit the goblin.
A tiny devil pulls itself out of the air.
The goblin hits you but does no damage.
You hit the goblin but do no damage. The goblin barely misses you.
Your cerulean imp closely misses the goblin.
You hit the goblin.
You kill the goblin!
No target in view!
Things that are here:
a +0 club; a goblin corpse Your cerulean imp disappears in a puff of smoke!
Found an escape hatch in the floor.
Found a stone staircase leading up.
Found a whip.
You see here a +0 whip.
Grinder comes into view.
Found a stone staircase leading up.
Grinder shouts!
Grinder gestures at you. Pain shoots through your body!
Grinder gestures at you.
You suddenly lose the ability to move!
Grinder completely misses your bat.
Your bat hits Grinder but does no damage.
Your bat closely misses Grinder.
Your bat hits Grinder but does no damage.
Grinder says, "Just stop there for a second..."
Grinder hits your bat.
Your bat dies!
Your bat's corpse disappears in a puff of smoke!
You can move again.
A tiny devil pulls itself out of the air.
Grinder hits you.
You writhe in agony.
You are too injured to fight recklessly!
Reach: d) +0 spear
Aim: Grinder (ally target, about 45% to evade your +0 spear)
You hit Grinder but do no damage.
Your cerulean imp hits Grinder from afar with a -2 spear.
Your quokka misses Grinder. Grinder gestures at you.
Pain shoots through your body!
* * * LOW HITPOINT WARNING * * *
Your quokka bites Grinder.
Your cerulean imp hits Grinder from afar with a -2 spear.
Grinder gestures at you. Pain shoots through your body!
Ouch! That really hurt!
You die...

#.......#..## ##.
#.##.......## #...
#.####..##... #...
#.##....##### #...
#.##........#
####...######.##..#.###..
...........##.......###..
............####..##.....
.......5@...###...>...#..
#.#....###..............
#...5# #####..........
#...r# #..#######. #....#
#..# #. ##.#.# #..# #.
....# ##.# #. <..### .#
#. .... .# #.


You could see Grinder (ally target), a friendly cerulean imp (summoned) and a
friendly quokka (summoned).

Vanquished Creatures
  A worm (D:2)
  A dart slug (D:2)
  An orc (D:2)
  2 endoplasms
  3 giant cockroaches
  3 goblins
  A hobgoblin (D:2)
  A quokka (D:2)
  2 ball pythons (D:2)
  2 bats (D:1)
  3 frilled lizards
  A kobold (D:2)
  A rat (D:1)
22 creatures vanquished.

Vanquished Creatures (collateral kills)
  A worm (D:2)
  2 ball pythons
  A goblin (D:1)
  3 jackals (D:2)
  A kobold (D:1)
  A quokka (D:1)
  A bat (D:2)
10 creatures vanquished.

Grand Total: 32 creatures vanquished

Notes
Turn   | Place    | Note
-------+----------+-------------------------------------------
     0 | D:1      | CryoSword the Draconian Summoner began the quest for the
                  | Orb.
     0 | D:1      | Reached XP level 1. HP: 14/14 MP: 3/3
   335 | D:1      | Reached XP level 2. HP: 20/20 MP: 3/5
   372 | D:1      | Reached skill level 1 in Polearms
   375 | D:1      | Learned a level 2 spell: Call Imp
  1170 | D:2      | Reached XP level 3. HP: 26/26 MP: 4/6
  1406 | D:2      | Found a faded altar of an unknown god.
  1900 | D:3      | Noticed Grinder
  1902 | D:3      | Paralysed by Grinder for 5 turns
  1910 | D:3      | Killed from afar by Grinder

Illustrated notes

Levels and vault maps discovered:
D:1:      evilmike_arrival_rings, layout_loops_ring
D:2:      layout_basic, basic_ecumenical_altar
D:3:      layout_loops_cross, elyvilon_altar_4, uniq_grinder, uniq_natasha,
          uniq_terence

Skill      XL: |  1  2  3 |
---------------+----------+-----
Polearms       | 1 2 |  2.0
Dodging        | |  1.7
Stealth        | |  1.7
Spellcasting   | |  2.0
Summonings     | |  4.7

Action                     || total
---------------------------++-------
  Melee: Spear             ||    77
         Unarmed           ||     4
         Tailslap          ||     2
   Cast: Summon Small Mamm ||    29
         Call Imp          ||    14
   Stab: Sleeping          ||     3
         Distracted        ||     2
 Armour: Skin              ||    23
  Dodge: Dodged            ||    55

Table legend: (Time is in decaauts)
 A = Elapsed time spent in this place.
 B = Non-inter-level travel time spent in this place.
 C = Inter-level travel time spent in this place.
 D = Time resting spent in this place.
 E = Time spent auto-exploring this place.
 F = Levels seen in this place.
 G = Mean time per level.
                   A        B        C        D        E       F      G
               +--------+--------+--------+--------+--------+-----+--------+
         Total |   1911 |   1844 |     67 |      0 |   1555 |   3 |  637.0 |
       Dungeon |   1911 |   1844 |     67 |      0 |   1555 |   3 |  637.0 |
               +--------+--------+--------+--------+--------+-----+--------+

Top non-repeatable levels by time:
     D:2: 922 daAuts
     D:1: 835 daAuts
     D:3: 153 daAuts
